AoeStats
← bullseyes

African Clearing

506159576Analyzed
4v4 RM · 20d ago on Sep 12, 2026· 79m 12s· 8 players
Game mode
Random Map
Map size
Large (8 player)
Population
200
Speed
Normal
Resources
Standard
Victory
Conquest
Starting age
Dark Age
Ending age
Imperial Age
RankedLock teamsTeams togetherTeam positionsShared explorationLock speedFull tech treeHidden civsTurbo modeCheats
Victory
Defeat
🇨🇳 Huns · China
1637
+15
🇨🇳 Vietnamese · China
1631
+15
🇨🇳 Magyars · China
1608
+16
🇧🇪 Wei · Belgium
1579
+17
🇯🇴 Bulgarians · Jordan
1621
-16
🇩🇪 Hindustanis · Germany
1612
-16
🇩🇪 Tupi · Germany
1606
-16
🇬🇧 Romans · United Kingdom
1586
-15
CAPTAINKILL
7:01 Loom
13:14 Feudal Age
13:54 Feudal Age
15:13 Double-Bit Axe
16:42 Gold Mining
18:59 Castle Age
16:43 Horse Collar
17:11 Scale Barding Armor
17:16 Forging
17:37 Forging
18:12 Bloodlines
19:57 Bow Saw
20:49 Chain Barding Armor
22:56 Heavy Plow
27:09 Husbandry
28:48 Iron Casting
28:56 Town Watch
36:43 Gold Shaft Mining
40:12 Imperial Age
37:49 Fletching
37:59 Padded Archer Armor
39:19 Wheelbarrow
38:43 Elite Skirmisher
39:29 Thumb Ring
39:48 Ballistics
39:25 Bodkin Arrow
39:45 Leather Archer Armor
42:44 Chemistry
41:45 Bracer
42:19 Crop Rotation
41:44 Light Cavalry
44:18 Plate Barding Armor
44:44 Blast Furnace
43:25 Hussar
45:43 Masonry
46:11 Elite Konnik
47:12 Conscription
48:39 Scale Mail Armor
48:41 Squires
48:27 Arson
53:59 Chain Mail Armor
56:27 Hand Cart
55:48 Pikeman
57:19 Plate Mail Armor
56:17 Halberdier
64:19 Coinage
70:25 Caravan
74:16 Banking
74:12 Capped Ram
75:30 Siege Ram
Nemo
4:06 Loom
12:23 Feudal Age
13:30 Double-Bit Axe
13:50 Fletching
14:42 Padded Archer Armor
21:47 Castle Age
20:58 Scale Mail Armor
21:33 Champi Runner
22:05 Crossbowman
22:51 Bodkin Arrow
23:35 Squires
27:04 Chain Mail Armor
26:44 Champi Warrior
29:58 Forging
29:36 Arson
40:32 Imperial Age
38:47 Elite Skirmisher
40:09 Bow Saw
39:43 Horse Collar
40:56 Leather Archer Armor
41:26 Bracer
41:51 Ballistics
44:52 Gold Mining
46:39 Ring Archer Armor
49:51 Chemistry
49:51 Conscription
52:02 Elite Blackwood Archer
62:30 Curare
62:03 Pikeman
78:21 Heavy Plow
Gene_Parmesan__
3:01 Loom
6:24 Loom
12:18 Feudal Age
12:30 Man-at-Arms
13:42 Scale Mail Armor
15:57 Forging
18:22 Double-Bit Axe
20:15 Wheelbarrow
19:38 Horse Collar
24:01 Castle Age
24:28 Long Swordsman
25:25 Chain Mail Armor
25:13 Town Watch
26:03 Squires
35:04 Fletching
37:39 Bow Saw
38:37 Stone Mining
41:55 Hand Cart
42:07 Gold Mining
46:57 Imperial Age
45:21 Heavy Plow
45:35 Bodkin Arrow
45:41 Padded Archer Armor
46:19 Iron Casting
45:06 Pikeman
46:08 Guard Tower
46:38 Ballistics
46:40 Bodkin Arrow
47:11 Ballistics
49:10 Chemistry
48:27 Ballistas
48:51 Conscription
50:20 Heavy Scorpion
51:14 Capped Ram
52:57 Siege Engineers
54:07 Keep
58:20 Masonry
59:34 Gold Shaft Mining
60:40 Scale Barding Armor
64:13 Chain Barding Armor
64:54 Blast Furnace
66:07 Plate Barding Armor
66:15 Husbandry
66:26 Bloodlines
65:37 Cavalier
67:44 Fortified Wall
68:10 Architecture
69:32 Comitatenses
69:15 Light Cavalry
Thanatos
3:49 Loom
12:05 Feudal Age
13:07 Double-Bit Axe
14:58 Horse Collar
21:43 Castle Age
19:52 Town Watch
20:49 Bloodlines
23:00 Bow Saw
25:06 Husbandry
26:33 Wheelbarrow
32:56 Hand Cart
40:56 Imperial Age
42:56 Grand Trunk Road
43:17 Conscription
43:51 Scale Mail Armor
44:02 Forging
44:03 Squires
43:49 Arson
45:21 Heavy Plow
46:00 Chain Mail Armor
53:06 Scale Barding Armor
53:37 Iron Casting
54:18 Fletching
55:44 Heavy Camel Rider
57:45 Chain Barding Armor
56:51 Light Cavalry
59:25 Plate Barding Armor
61:36 Blast Furnace
61:02 Imperial Camel Rider
67:58 Hussar
69:49 Gold Mining
69:50 Stone Mining
70:16 Caravan
76:44 Bodkin Arrow
79:28 Masonry
lazypig
11:38 Loom
13:25 Feudal Age
12:40 Loom
17:42 Castle Age
16:34 Double-Bit Axe
18:42 Fletching
20:37 Horse Collar
39:52 Heavy Plow
42:37 Wheelbarrow
45:13 Gold Mining
45:15 Stone Mining
49:27 Bow Saw
50:00 Town Watch
51:31 Hand Cart
55:59 Imperial Age
53:34 Bodkin Arrow
53:40 Padded Archer Armor
54:30 Stone Shaft Mining
54:38 Ballistics
54:36 Elite Skirmisher
55:33 Leather Archer Armor
56:00 Thumb Ring
57:48 Chemistry
56:48 Bracer
56:13 Imperial Skirmisher
58:06 Ring Archer Armor
58:44 Two-Man Saw
60:32 Guilds
61:34 Paper Money
61:56 Crop Rotation
61:03 Elite Fire Lancer
61:43 Squires
62:34 Scale Mail Armor
62:44 Forging
63:24 Caravan
63:49 Elite Rattan Archer
66:22 Chain Mail Armor
66:42 Iron Casting
69:04 Plate Mail Armor
71:47 Coinage
72:15 Hoardings
73:55 Banking
74:22 Clinker Construction
74:18 Siege Engineers
74:53 Arson
75:19 Guard Tower
75:15 Arrowslits
75:50 Bombard Tower
77:37 Murder Holes
78:18 Keep
LUCKY
9:58 Loom
12:36 Feudal Age
20:34 Castle Age
19:12 Double-Bit Axe
19:36 Horse Collar
27:25 Town Watch
28:55 Wheelbarrow
28:48 Bow Saw
29:54 Heavy Plow
30:46 Hand Cart
32:04 Fletching
33:49 Bodkin Arrow
34:19 Gold Mining
34:19 Stone Mining
41:02 Gold Shaft Mining
43:55 Imperial Age
42:08 Scale Barding Armor
42:14 Forging
43:42 Chain Barding Armor
44:27 Iron Casting
43:55 Marauders
44:04 Elite Tarkan
45:05 Conscription
44:53 Husbandry
45:04 Bloodlines
46:07 Plate Barding Armor
46:57 Iron Casting
49:31 Blast Furnace
50:33 Bracer
56:55 Two-Man Saw
62:53 Light Cavalry
64:14 Coinage
65:30 Banking
68:34 Hussar
72:48 Caravan
bullseyes
11:51 Loom
15:17 Feudal Age
19:11 Castle Age
17:15 Fletching
17:48 Double-Bit Axe
20:30 Bodkin Arrow
24:50 Horse Collar
27:31 Wheelbarrow
27:59 Heavy Plow
28:52 Ballistics
28:51 Bloodlines
28:50 Stone Mining
36:01 Imperial Age
37:26 Bracer
44:55 Thumb Ring
45:16 Parthian Tactics
45:25 Padded Archer Armor
54:37 Chemistry
53:47 Masonry
53:18 Treadmill Crane
54:46 Stone Shaft Mining
54:01 Gold Mining
55:40 Ming Guang Armor
55:36 Conscription
55:20 Treadmill Crane
55:42 Padded Archer Armor
55:48 Scale Barding Armor
55:53 Forging
55:47 Elite Tiger Cavalry
56:30 Tuntian
57:09 Hand Cart
56:40 Town Watch
61:00 Hoardings
61:28 Chain Barding Armor
65:07 Iron Casting
68:09 Husbandry
71:14 Caravan
72:03 Light Cavalry
77:19 Leather Archer Armor
78:05 Blast Furnace
小胖子
11:39 Feudal Age
12:12 Double-Bit Axe
12:48 Loom
13:19 Horse Collar
21:16 Castle Age
19:44 Fletching
20:09 Bloodlines
21:55 Bodkin Arrow
22:17 Gold Mining
23:44 Padded Archer Armor
25:52 Bow Saw
28:18 Husbandry
30:49 Wheelbarrow
32:35 Ballistics
36:37 Imperial Age
35:16 Heavy Plow
35:46 Leather Archer Armor
37:21 Bracer
38:27 Chemistry
38:43 Parthian Tactics
40:14 Ring Archer Armor
40:21 Heavy Cavalry Archer
41:47 Thumb Ring
41:37 Light Cavalry
44:17 Recurve Bow
45:17 Scale Barding Armor
45:58 Hand Cart
45:29 Town Watch
46:23 Conscription
46:46 Chain Barding Armor
46:23 Hussar
47:52 Coinage
49:07 Banking
53:35 Plate Barding Armor
67:46 Caravan
69:41 Town Patrol
Connection lost

Rejoining the realm…

Still unreachable

The connection could not be restored.

Session expired

The server has moved on; the page needs a fresh start.